 Dungeon Sprint DCSS version 0.21-a0-94-gdd6ab6a (webtiles) character file.

607967 pib the Conqueror (level 22, -2/169 HPs)
             Began as a Gargoyle Fighter on July 1, 2017.
             Was a Priest of Cheibriados (penitent).
             Slain by Ereshkigal (8 damage)
             ... in the Dungeon (Sprint IX: "|||||||||||||||||||||||||||||") on July 7, 2017.
             The game lasted 00:53:06 (12655 turns).

pib the Conqueror (Gargoyle Fighter)               Turns: 12655, Time: 00:53:07

Health: -2/169     AC: 62    Str: 28    XL:     22   Next: 93%
Magic:  36/48      EV: 19    Int: 15    God:    Cheibriados [*]
Gold:   835        SH: 35    Dex: 12    Spells: 49/66 levels left

rFire    + + .     SeeInvis .   U - +3 broad axe of True Grit {protect, Int+4}
rCold    + + .     Gourm    .   r - +5 large shield
rNeg     + . .     Faith    .   Z - +7 gold dragon scales
rPois    ∞         Spirit   .   T - +0 hat of the Duke {*Slow rF+ rC+}
rElec    +         Reflect  +   J - +2 cloak {+Inv}
rCorr    .         Harm     .   Y - +2 pair of gloves
MR       +....     NoTele   +   q - +0 pair of boots
Stlth    ..........             t - amulet "Jyxil" {Reflect Dex+3 Slay+5 SH+3}
HPRegen  0.38/turn              G - ring of wizardry
MPRegen  0.31/turn              P - ring of wizardry

@: protection aura, berserk cooldown, slowed, very slow
A: big wings, deformed body, negative energy resistance 1, electricity
resistance, unbreathing, petrification resistance, rot immunity, AC +16
}: 11/15 runes: decaying, serpentine, barnacled, slimy, elven, silver, golden,
obsidian, icy, abyssal, gossamer
a: Fly, Renounce Religion, Evoke Invisibility


You were in the Dungeon.
You worshipped Cheibriados.
Cheibriados was demanding penance.
You were not hungry.

You visited 1 branch You collected 1939 gold pieces.
You spent 1104 gold pieces at shops.

Inventory:

Hand Weapons
 a - a +5 battleaxe of flaming
 I - a +1 battleaxe of flaming
 L - the +6 hunting sling of Doom {freeze, rElec MR++}
   (You found it in the Dungeon)

   It causes projectiles fired from it to freeze those they strike, causing
   extra injury to most foes and up to half again as much damage against
   particularly susceptible opponents.
   They can also slow down cold-blooded creatures.
   It insulates you from electricity.
   It affects your resistance to hostile enchantments.
 U - the +3 broad axe of True Grit (weapon) {protect, Int+4}
   (You found it in the Dungeon)

   It protects the one who uses it against injury (+AC on strike).
   It affects your intelligence (+4).
Armour
 l - the +6 plate armour of the Country {Dex+4}
   (You found it in the Dungeon)

   It affects your dexterity (+4).
 q - a +0 pair of boots (worn)
 r - a +5 large shield (worn)
 J - a +2 cloak of invisibility (worn)
 T - the +0 hat of the Duke (worn) {*Slow rF+ rC+}
   (You found it in the Dungeon)

   It protects you from fire.
   It protects you from cold.
   It may slow you when you take damage.
 Y - a +2 pair of gloves (worn)
 Z - +7 gold dragon scales (worn)
Magical Staves
 H - an uncursed staff of power
Jewellery
 b - the amulet "Xyddit" {+Rage rPois rN+}
   (You found it in the Dungeon)

   [amulet of rage]

   It protects you from poison.
   It protects you from negative energy.
   It lets you go berserk.
 c - the amulet "Sapix" {Regen+ Str+2}
   (You found it in the Dungeon)

   [amulet of regeneration]

   It affects your strength (+2).
   It increases your rate of regeneration.
 s - a +2 ring of protection
 t - the amulet "Jyxil" (around neck) {Reflect Dex+3 Slay+5 SH+3}
   (You found it in the Dungeon)

   [amulet of reflection]

   It shields you and reflects attacks.
   It affects your dexterity (+3).
   It affects your accuracy and damage with ranged weapons and melee attacks
   (+5).
   It affects your SH (+3).
 u - a +3 ring of intelligence
 C - the amulet "Vyoretoi" {Faith rPois Int+2}
   (You found it in the Dungeon)

   [amulet of faith]

   It allows you to gain divine favour quickly.
   It affects your intelligence (+2).
   It protects you from poison.
 F - the amulet "Besmoffa" {Spirit Str+2 Dex+7}
   (You found it in the Dungeon)

   [amulet of guardian spirit]

   It causes incoming damage to be split between your health and magic.
   It affects your strength (+2).
   It affects your dexterity (+7).
 G - a ring of wizardry (left hand)
 K - the ring "Diegom Fedu" {rCorr rN+ Str+2 Dex+2 Slay+3}
   (You found it in the Dungeon)

   [ring of resist corrosion]

   It affects your strength (+2).
   It affects your dexterity (+2).
   It affects your accuracy and damage with ranged weapons and melee attacks
   (+3).
   It protects you from negative energy.
 P - a ring of wizardry (right hand)
 Q - a +6 ring of intelligence
 R - an uncursed amulet of regeneration
 S - a +6 ring of intelligence
Wands
 p - a wand of iceblast (6/15)
 D - a wand of iceblast (2/15)
Scrolls
 k - a scroll of blinking
 n - 5 scrolls of remove curse
 o - 2 scrolls of amnesia
 w - 5 scrolls of identify
 x - 4 scrolls of fog
 y - 5 scrolls of recharging
 z - 3 scrolls of fear
 X - 6 scrolls of enchant weapon
Potions
 d - a potion of might
 e - 10 potions of curing
 h - 5 potions of haste
 i - a potion of cancellation {unknown}
 j - a potion of berserk rage
 m - a potion of invisibility
 E - a potion of lignification {unknown}
 O - 3 potions of brilliance
 V - a potion of resistance
Books
 W - a book of Annihilations

   Spells                             Type                      Level
   a - Poison Arrow                   Conjuration/Poison           6
   b - Chain Lightning                Conjuration/Air              8
   c - Lehudib's Crystal Spear        Conjuration/Earth            8
   d - Glaciate                       Conjuration/Ice              9
   e - Fire Storm                     Conjuration/Fire             9
Miscellaneous
 v - the horn of Geryon
Comestibles
 f - 5 bread rations
 A - 39 fruits
 B - 12 meat rations


   Skills:
 O Level 27 Fighting
 O Level 27 Axes
 O Level 27 Armour
 O Level 27 Dodging
 O Level 27 Shields
 + Level 22.6 Spellcasting
 O Level 27 Conjurations
 O Level 27 Fire Magic
 - Level 21.1 Earth Magic
 O Level 27 Invocations
 - Level 3.2 Evocations


You had 49 spell levels left.
You knew the following spells:

 Your Spells              Type           Power        Failure   Level  Hunger
a - Lehudib's Crystal Sp  Conj/Erth      ######....   2%          8    #######
b - Fire Storm            Conj/Fire      #######...   12%         9    #######


Dungeon Overview and Level Annotations

Branches:
Dungeon (1/1)

Altars:
Cheibriados
Dithmenos
Elyvilon
Fedhas
Gozag
Hepliaklqana
Kikubaaqudgha
Makhleb
Nemelex Xobeh
Okawaru
Qazlal
Ru
Sif Muna
Trog
Uskayaw
Vehumet
Wu Jian
Xom
Yredelemnul
Zin
The Shining One
Beogh
Jiyva
Lugonu

Shops:
D %[[:

Annotations:
D Cerebov, Ereshkigal, Gloorx Vloq


Innate Abilities, Weirdness & Mutations

You are resistant to torment.
Your stone body is resilient. (AC +16)
You are immune to poison.
Your large and strong wings let you fly indefinitely.
You resist negative energy. (rN+)
You are resistant to electric shocks. (rElec)
You can survive without breathing.
You are immune to petrification.
You are immune to rotting.
Armour fits poorly on your strangely shaped body.


Message History

You closely miss Ereshkigal.
Ereshkigal is severely wounded.
You miss something. You block Ereshkigal's attack.
You block something's attack.
Unknown command.
You slice Ereshkigal!!
Ereshkigal is almost dead.
You miss something.
Ereshkigal calls on the powers of darkness!
Your body is wracked with pain!
* * * LOW HITPOINT WARNING * * *
Gloorx Vloq calls on the powers of darkness!
You feel a surge of unholy energy. Something hits you but does no damage.
You block Ereshkigal's attack.
You completely miss Ereshkigal.
Ereshkigal is almost dead.
You slice something like a ripe choko!!!
Gloorx Vloq gestures. x2
Ereshkigal hits you!
You die...

▓▓▓▓▓▓▓▓▓▓▓▓▓▓▓▓▓▓▓▓▓▓▓▓*********
.......'.).....{@&&11.φ.,,,,,,,,*
▓▓▓▓▓▓▓▓▓▓▓▓▓▓▓▓▓▓▓▓▓▓▓▓▓▓▓▓▓▓▓▓▓
................................▓
▓▓▓▓▓▓▓▓▓▓▓▓▓▓▓▓▓▓▓▓▓▓▓▓▓▓▓▓▓▓▓.▓
...'.........'...........'......▓
▓▓▓▓▓▓▓▓▓▓▓▓▓▓▓▓▓▓▓▓▓▓▓▓▓▓▓▓▓▓▓▓▓
................................▓
▓▓▓▓▓▓▓▓▓▓▓▓▓▓▓▓▓▓▓▓▓▓▓▓▓▓▓▓▓▓▓.▓
))....'...................'.....▓


You could see Gloorx Vloq, Ereshkigal and 2 Executioners.

Vanquished Creatures
  Asmodeus (D)
  Antaeus (D)
  the Royal Jelly (D)
  Mnoleg (D)
  3 orbs of fire (D)
  6 ancient liches (D)
  Mara (D)
  Sojobo (D)
  4 greater mummies (D)
  Boris (D)
  A curse toe (D)
  2 Killer Klowns (D)
  2 caustic shrikes (D)
  Xtahua (D)
  Geryon (D)
  4 golden dragons (D)
  Nikola (D)
  An electric golem (D)
  5 tentacled monstrosities (D)
  27 Orb Guardians (D)
  A titan (D)
  3 liches (D)
  2 deep elf blademasters (D)
  A quicksilver dragon (D)
  11 acid blobs (D)
  Frances (D)
  13 sphinxes (D)
  2 tengu reavers (D)
  7 shadow dragons (D)
  2 draconian monks (D)
  4 azure jellies (D)
  2 storm dragons (D)
  7 nagarajas (D)
  A fire giant (D)
  Ilsuiw (D)
  2 draconian knights (D)
  5 deep elf sorcerers (D)
  A frost giant (D)
  A draconian scorcher (D)
  Louise (D)
  2 ghost moths (D)
  5 emperor scorpions (D)
  6 draconian annihilators (D)
  A draconian stormcaller (D)
  2 ironheart preservers (D)
  3 very ugly things (D)
  7 stone giants (D)
  9 vampire knights (D)
  An entropy weaver (D)
  4 black draconians (D)
  2 deep elf demonologists (D)
  6 white draconians (D)
  A spark wasp (D)
  A deep elf annihilator (D)
  3 green draconians (D)
  A yellow draconian (D)
  An ettin (D)
  3 purple draconians (D)
  2 deep elf death magi (D)
  A crystal guardian (D)
  2 yaktaur captains (D)
  11 death oozes (D)
  4 merfolk impalers (D)
  4 merfolk javelineers (D)
  7 mummy priests (D)
  Erolcha (D)
  2 deep elf high priests (D)
  A great orb of eyes (D)
  A rakshasa (D)
  5 fire dragons (D)
  11 hydras (D)
  2 naga warriors (D)
  5 ice dragons (D)
  Harold (D)
  25 vault guards (D)
  A spriggan air mage (D)
  A two-headed ogre (D)
  A centaur warrior (D)
  An anaconda (D)
  2 merfolk avatars (D)
  An alligator (D)
  A merfolk aquamancer (D)
  2 ogre magi (D)
  4 small abominations (D)
  A tengu warrior (D)
  A vampire mage (D)
  2 deep troll shamans (D)
  A thrashing horror (D)
  A naga sharpshooter (D)
  5 orc high priests (D)
  A deep elf knight (D)
  A shock serpent (D)
  A sea snake (D)
  An unseen horror (shapeshifter) (D)
  2 swamp dragons (D)
  A naga ritualist (D)
  A spriggan druid (D)
  An ironbrand convoker (D)
  A harpy (D)
  2 orb spiders (D)
  A deep elf archer (D)
  2 ugly things (D)
  6 orc knights (D)
  3 lindwurms (D)
  4 wolf spiders (D)
  2 orc sorcerers (D)
  12 moths of wrath (D)
  2 manticores (D)
  A deep elf mage (D)
  A guardian serpent (D)
  A smoke demon (D)
  5 vault sentinels (D)
  A gargoyle (D)
  A black mamba (shapeshifter) (D)
  3 naga magi (D)
  4 black mambas (D)
  3 spiny frogs (D)
  A komodo dragon (D)
  4 freezing wraiths (D)
  4 yaktaurs (D)
  A wandering mushroom (D)
  An ancient zyme (D)
  16 guardian mummies (D)
  A queen bee (shapeshifter) (D)
  2 demonic crawlers (D)
  3 merfolk (D)
  2 tyrant leeches (D)
  2 jumping spiders (D)
  A troll (D)
  4 slime creatures (D)
  A blink frog (shapeshifter) (D)
  3 hippogriffs (D)
  2 redbacks (D)
  11 spriggans (D)
  2 water elementals (D)
  2 tarantellas (D)
  A wyvern (D)
  A yak (D)
  A shadow (D)
  A yak (shapeshifter) (D)
  2 golden eyes (D)
  A steam dragon (D)
  Grum (D)
  A hungry ghost (D)
  A naga (D)
  2 acid dragons (D)
  4 water moccasins (D)
  2 porcupines (D)
  2 floating eyes (D)
  2 swamp drakes (D)
  2 eyes of draining (D)
  9 orc warriors (D)
  4 wolves (D)
  A boggart (D)
  3 crocodiles (D)
  A bullfrog (shapeshifter) (D)
  A bullfrog (D)
  5 orc priests (D)
  An orc wizard (D)
  A hound (D)
  4 worker ants (D)
  A hell rat (D)
  3 adders (D)
  A shadow imp (D)
  An adder skeleton (D)
  4 worms (D)
  2 leopard geckos (D)
  12 orcs (D)
  A bat skeleton (D)
  A bat zombie (D)
  3 goblins (D)
  A hobgoblin (D)
  A jackal (D)
  A bat simulacrum (D)
  A kobold (D)
  A crawling corpse (D)
  A fire vortex (D)
517 creatures vanquished.

Vanquished Creatures (collateral kills)
  A greater mummy (D)
  A quasit (D)
2 creatures vanquished.

Vanquished Creatures (others)
  A lindwurm (shapeshifter) (D)
  A guardian serpent (D)
  A spiny frog (D)
  A swamp drake (D)
  5 fire vortices (D)
9 creatures vanquished.

Grand Total: 528 creatures vanquished

Notes
Turn   | Place    | Note
-------+----------+-------------------------------------------
     0 | D        | pib the Gargoyle Fighter began the quest for the Orb.
     0 | D        | Reached XP level 1. HP: 14/14 MP: 1/1
   106 | D        | Noticed a worker ant
   106 | D        | Noticed a worker ant
   114 | D        | Reached XP level 2. HP: 17/20 MP: 2/2
   138 | D        | Reached XP level 3. HP: 21/24 MP: 3/3
   142 | D        | Reached skill level 5 in Fighting
   142 | D        | Reached skill level 5 in Armour
   147 | D        | Reached skill level 5 in Shields
   147 | D        | Reached XP level 4. HP: 29/31 MP: 4/4
   165 | D        | Found a roughly hewn altar of Beogh.
   165 | D        | Found a snail-covered altar of Cheibriados.
   165 | D        | Found a shadowy altar of Dithmenos.
   165 | D        | Found a white marble altar of Elyvilon.
   165 | D        | Found a blossoming altar of Fedhas.
   165 | D        | Found an opulent altar of Gozag.
   166 | D        | Found a hazy altar of Hepliaklqana.
   167 | D        | Found a viscous altar of Jiyva.
   168 | D        | Found an ancient bone altar of Kikubaaqudgha.
   169 | D        | Found a corrupted altar of Lugonu.
   170 | D        | Found a burning altar of Makhleb.
   171 | D        | Found a sparkling altar of Nemelex Xobeh.
   172 | D        | Found an iron altar of Okawaru.
   173 | D        | Found a stormy altar of Qazlal.
   174 | D        | Found a sacrificial altar of Ru.
   175 | D        | Found a deep blue altar of Sif Muna.
   176 | D        | Found a bloodstained altar of Trog.
   177 | D        | Found a hide-covered altar of Uskayaw.
   178 | D        | Found a radiant altar of Vehumet.
   179 | D        | Found an ornate altar of the Wu Jian Council.
   180 | D        | Found a shimmering altar of Xom.
   181 | D        | Found a basalt altar of Yredelemnul.
   182 | D        | Found a glowing silver altar of Zin.
   183 | D        | Found a glowing golden altar of the Shining One.
   203 | D        | Became a worshipper of Cheibriados the Contemplative
   298 | D        | Reached * piety under Cheibriados
   301 | D        | Reached ** piety under Cheibriados
   301 | D        | Reached XP level 5. HP: 36/36 MP: 5/5
   416 | D        | Noticed a slime creature
   416 | D        | Noticed an acid dragon
   416 | D        | Noticed a gargoyle
   421 | D        | Killed a slime creature
   421 | D        | Reached *** piety under Cheibriados
   421 | D        | Reached XP level 6. HP: 32/44 MP: 6/6
   430 | D        | Killed an acid dragon
   430 | D        | Reached XP level 7. HP: 24/49 MP: 7/7
   431 | D        | HP: 1/49 [gargoyle/stone arrow (9)]
   440 | D        | Killed a gargoyle
   440 | D        | Reached **** piety under Cheibriados
   442 | D        | Reached XP level 8. HP: 37/56 MP: 8/8
   643 | D        | Got the +6 plate armour of the Country {Dex+4}
   657 | D        | Noticed a komodo dragon
   657 | D        | Noticed a spiny frog
   664 | D        | Noticed a spiny frog
   668 | D        | Reached ***** piety under Cheibriados
   671 | D        | Killed a komodo dragon
   671 | D        | Reached skill level 5 in Dodging
   674 | D        | HP: 1/57 [porcupine's spines (13)]
   677 | D        | Reached skill level 10 in Axes
   687 | D        | Killed a spiny frog
   687 | D        | Reached skill level 10 in Fighting
   687 | D        | Reached XP level 9. HP: 12/62 MP: 8/12
   693 | D        | Reached ****** piety under Cheibriados
   697 | D        | Killed a spiny frog
   877 | D        | Noticed a black mamba
   890 | D        | Killed a black mamba
   890 | D        | Reached skill level 5 in Invocations
   909 | D        | Reached XP level 10. HP: 44/68 MP: 15/15
  1021 | D        | Noticed a seven-headed hydra
  1030 | D        | Killed an eight-headed hydra
  1199 | D        | Noticed a lindwurm
  1199 | D        | Noticed a lindwurm
  1204 | D        | Killed a lindwurm
  1204 | D        | Reached skill level 10 in Invocations
  1209 | D        | Killed a lindwurm
  1215 | D        | Noticed a lindwurm
  1222 | D        | Killed a lindwurm
  1540 | D        | Noticed Erolcha
  1549 | D        | Killed Erolcha
  1549 | D        | Reached skill level 10 in Armour
  1596 | D        | Noticed an orc high priest
  1600 | D        | Noticed an orc knight
  1609 | D        | Noticed a rust devil
  1611 | D        | Reached skill level 10 in Shields
  1611 | D        | Reached XP level 11. HP: 34/74 MP: 20/20
  1612 | D        | Killed an orc high priest
  1614 | D        | Killed an orc knight
  1721 | D        | Noticed an orc knight
  1730 | D        | Killed an orc knight
  1816 | D        | Found Potrif's Food Emporium.
  1816 | D        | Noticed an orc sorcerer
  1816 | D        | Noticed an orc high priest
  1818 | D        | Noticed an orc high priest
  1818 | D        | Killed an orc sorcerer
  1821 | D        | Killed an orc high priest
  1821 | D        | Reached skill level 15 in Axes
  1822 | D        | Found Komudicil's Armour Shoppe.
  1823 | D        | Noticed an orc knight
  1824 | D        | Noticed a sun demon
  1827 | D        | Noticed an orc sorcerer
  1829 | D        | Killed an orc high priest
  1829 | D        | Killed an orc sorcerer
  1831 | D        | Killed an orc knight
  1832 | D        | Found Xaryocyo's Antique Armour Emporium.
  1838 | D        | Noticed an orc high priest
  1890 | D        | Killed an orc high priest
  1900 | D        | Noticed an orc knight
  2015 | D        | Killed an orc knight
  2079 | D        | Found Leck's Book Shoppe.
  2087 | D        | Noticed an orc high priest
  2090 | D        | Noticed a sun demon
  2097 | D        | Killed an orc high priest
  2189 | D        | Bought a manual of Fighting for 1104 gold pieces
  2205 | D        | Noticed Grum
  2209 | D        | Reached skill level 15 in Fighting
  2209 | D        | Reached XP level 12. HP: 87/87 MP: 21/21
  2212 | D        | Killed Grum
  2513 | D        | Got the +6 hunting sling of Doom {freeze, rElec MR++}
  2551 | D        | Noticed a two-headed ogre
  2551 | D        | Noticed a rakshasa
  2555 | D        | Killed a two-headed ogre
  2561 | D        | Noticed a deep troll shaman
  2567 | D        | Noticed an ettin
  2577 | D        | Noticed a sphinx
  2578 | D        | Killed a rakshasa
  2587 | D        | Killed a deep troll shaman
  2593 | D        | Killed an ettin
  2602 | D        | Killed a sphinx
  2639 | D        | Noticed a stone giant
  2647 | D        | Killed a stone giant
  2676 | D        | Noticed Frances
  2689 | D        | Killed Frances
  2882 | D        | Noticed Harold
  2886 | D        | Killed Harold
  2914 | D        | Noticed a shock serpent
  2914 | D        | Noticed an anaconda
  2920 | D        | Killed a shock serpent
  2920 | D        | Reached XP level 13. HP: 73/101 MP: 22/22
  2948 | D        | Reached skill level 10 in Dodging
  3329 | D        | Reached skill level 15 in Armour
  3388 | D        | Noticed an entropy weaver
  3416 | D        | Killed an entropy weaver
  3715 | D        | Noticed a stone giant
  3718 | D        | Noticed a frost giant
  3719 | D        | Noticed a fire giant
  3721 | D        | Killed a stone giant
  3742 | D        | Noticed a fire dragon
  3742 | D        | Gained mutation: Your large and strong wings let you fly indefinitely. [Gargoyle growth]
  3742 | D        | Reached XP level 14. HP: 62/108 MP: 16/23
  3743 | D        | Killed a frost giant
  3743 | D        | Reached skill level 15 in Shields
  3746 | D        | Killed a fire giant
  3748 | D        | Noticed a vampire knight
  3753 | D        | Paralysed by a floating eye for 3 turns
  3761 | D        | Noticed a purple very ugly thing
  3761 | D        | Killed a vampire knight
  3775 | D        | Killed a purple very ugly thing
  4009 | D        | Noticed a stone giant
  4010 | D        | Noticed a stone giant
  4025 | D        | Killed a stone giant
  4036 | D        | Killed a stone giant
  4151 | D        | Noticed an ironheart preserver
  4177 | D        | Killed an ironheart preserver
  4210 | D        | Noticed a stone giant
  4223 | D        | Paralysed by a great orb of eyes for 2 turns
  4249 | D        | Killed a stone giant
  4369 | D        | Killed a ghost moth
  4569 | D        | Got the +3 broad axe of True Grit {protect, Int+4}
  4803 | D        | Noticed a nagaraja
  4803 | D        | Noticed a nagaraja
  4803 | D        | Noticed a nagaraja
  4806 | D        | Noticed a nagaraja
  4808 | D        | Noticed a nagaraja
  4812 | D        | Killed a nagaraja
  4814 | D        | Noticed a nagaraja
  4816 | D        | Killed a nagaraja
  4820 | D        | Killed a nagaraja
  4820 | D        | Reached XP level 15. HP: 108/113 MP: 6/24
  4825 | D        | Killed a nagaraja
  4832 | D        | Killed a nagaraja
  4837 | D        | Killed a nagaraja
  4852 | D        | Noticed a nagaraja
  4859 | D        | Killed a nagaraja
  4863 | D        | Got a serpentine rune of Zot
  5008 | D        | Got a decaying rune of Zot
  5015 | D        | Noticed an emperor scorpion
  5015 | D        | Noticed an emperor scorpion
  5015 | D        | Noticed an emperor scorpion
  5025 | D        | Killed an emperor scorpion
  5028 | D        | Killed an emperor scorpion
  5030 | D        | Noticed an emperor scorpion
  5030 | D        | Killed an emperor scorpion
  5042 | D        | Killed an emperor scorpion
  5045 | D        | Noticed an emperor scorpion
  5059 | D        | Killed an emperor scorpion
  5064 | D        | Got a gossamer rune of Zot
  5073 | D        | Noticed Ilsuiw
  5089 | D        | Killed Ilsuiw
  5094 | D        | Reached XP level 16. HP: 120/120 MP: 7/25
  5176 | D        | Got a barnacled rune of Zot
  5199 | D        | Noticed Louise
  5212 | D        | Killed Louise
  5225 | D        | Noticed Boris
  5230 | D        | Killed Boris
  5307 | D        | Reached skill level 15 in Dodging
  5428 | D        | Noticed a tentacled monstrosity
  5450 | D        | Killed a tentacled monstrosity
  5457 | D        | Noticed a shadow dragon
  5460 | D        | Noticed a shadow dragon
  5474 | D        | Killed a shadow dragon
  5477 | D        | Killed a shadow dragon
  5477 | D        | Reached XP level 17. HP: 101/134 MP: 3/26
  5595 | D        | Noticed an ancient lich
  5595 | D        | Noticed a quicksilver dragon
  5601 | D        | Noticed a golden dragon
  5612 | D        | Killed an ancient lich
  5625 | D        | Killed a quicksilver dragon
  5627 | D        | Noticed a titan
  5642 | D        | Killed a golden dragon
  5670 | D        | Killed a titan
  5670 | D        | Reached skill level 27 in Fighting
  5678 | D        | Got a silver rune of Zot
  5691 | D        | Learned a level 8 spell: Lehudib's Crystal Spear
  5696 | D        | Got a translucent graven amulet
  5698 | D        | Identified the amulet "Besmoffa" {Spirit Str+2 Dex+7} (You found it in the Dungeon)
  6122 | D        | Got the +0 large shield of Incorporation {+Blink}
  6488 | D        | Noticed Xtahua
  6502 | D        | Killed Xtahua
  6538 | D        | Got the amulet "Xyddit" {+Rage rPois rN+}
  6540 | D        | Got the amulet "Sapix" {Regen+ Str+2}
  6542 | D        | Got the amulet "Jyxil" {Reflect Dex+3 Slay+5 SH+3}
  6544 | D        | Got the amulet "Vyoretoi" {Faith rPois Int+2}
  6551 | D        | Got the ring "Diegom Fedu" {rCorr rN+ Str+2 Dex+2 Slay+3}
  6563 | D        | Got the +5 lajatang "Kakkafept" {venom, *Contam rElec MR+++ Dex-5}
  6585 | D        | Got the +0 hat of the Duke {*Slow rF+ rC+}
  6723 | D        | Noticed Nikola
  6733 | D        | Noticed Sojobo
  6744 | D        | Killed Nikola
  6751 | D        | Killed Sojobo
  6921 | D        | Noticed Mara
  6924 | D        | Noticed pib's illusion
  6956 | D        | Killed Mara
  7066 | D        | Noticed a caustic shrike
  7066 | D        | Noticed a caustic shrike
  7068 | D        | Killed a caustic shrike
  7068 | D        | Killed a caustic shrike
  7068 | D        | Reached XP level 18. HP: 145/145 MP: 21/27
  7107 | D        | Noticed a golden dragon
  7112 | D        | Killed a golden dragon
  7143 | D        | Reached skill level 27 in Shields
  7390 | D        | Noticed a tentacled monstrosity
  7390 | D        | Noticed a curse toe
  7392 | D        | Killed a tentacled monstrosity
  7404 | D        | Killed a curse toe
  7571 | D        | Noticed a Killer Klown
  7576 | D        | Killed a Killer Klown
  7710 | D        | Noticed a tentacled monstrosity
  7723 | D        | Killed a tentacled monstrosity
  7727 | D        | Reached XP level 19. HP: 151/151 MP: 10/29
  7828 | D        | Reached skill level 15 in Invocations
  7886 | D        | Noticed a tentacled monstrosity
  7886 | D        | Noticed a tentacled monstrosity
  7886 | D        | Noticed a golden dragon
  7898 | D        | Killed a tentacled monstrosity
  7903 | D        | Killed a tentacled monstrosity
  7938 | D        | Killed a golden dragon
  8093 | D        | Noticed an ancient lich
  8101 | D        | Killed an ancient lich
  8105 | D        | Noticed an orb of fire
  8106 | D        | Gained mutation: Armour fits poorly on your strangely shaped body. [an orb of fire]
  8121 | D        | Killed an orb of fire
  8121 | D        | Reached skill level 27 in Dodging
  8208 | D        | Noticed an electric golem
  8230 | D        | Killed an electric golem
  8233 | D        | Noticed an ancient lich
  8233 | D        | Noticed an ancient lich
  8236 | D        | Noticed an orb of fire
  8239 | D        | Noticed an ancient lich
  8239 | D        | Killed an ancient lich
  8239 | D        | Reached XP level 20. HP: 154/157 MP: 11/36
  8239 | D        | Killed an ancient lich
  8239 | D        | Killed an orb of fire
  8239 | D        | Reached skill level 27 in Invocations
  8240 | D        | Noticed a golden dragon
  8250 | D        | Killed an ancient lich
  8250 | D        | Reached skill level 27 in Axes
  8253 | D        | Noticed a Killer Klown
  8258 | D        | Noticed an orb of fire
  8260 | D        | Killed a golden dragon
  8268 | D        | Killed a Killer Klown
  8273 | D        | Killed an orb of fire
  8273 | D        | Reached skill level 27 in Armour
  8273 | D        | Reached skill level 5 in Spellcasting
  8276 | D        | Reached skill level 5 in Conjurations
  8449 | D        | Reached skill level 10 in Earth Magic
  8469 | D        | Reached skill level 10 in Conjurations
  8500 | D        | Reached skill level 15 in Earth Magic
  8517 | D        | Reached skill level 15 in Conjurations
  8609 | D        | Noticed an ancient lich
  8622 | D        | Killed an ancient lich
  8622 | D        | Reached XP level 21. HP: 163/163 MP: 34/38
  9232 | D        | Learned a level 9 spell: Fire Storm
  9724 | D        | Reached skill level 1 in Fire Magic
  9770 | D        | Reached skill level 5 in Fire Magic
  9786 | D        | Reached skill level 10 in Fire Magic
  9913 | D        | Got an elven rune of Zot
 10077 | D        | Noticed the Royal Jelly
 10080 | D        | Reached skill level 15 in Fire Magic
 10085 | D        | Killed the Royal Jelly
 10147 | D        | Paralysed by a floating eye for 2 turns
 10159 | D        | Paralysed by a floating eye for 2 turns
 10166 | D        | Paralysed by a floating eye for 2 turns
 10171 | D        | Paralysed by a floating eye for 3 turns
 10197 | D        | Got a slimy rune of Zot
 10514 | D        | Paralysed by a sphinx for 6 turns
 10522 | D        | Reached skill level 27 in Conjurations
 10523 | D        | Reached XP level 22. HP: 40/169 MP: 24/39
 10543 | D        | Paralysed by a sphinx for 3 turns
 11389 | D        | Noticed a greater mummy
 11389 | D        | Noticed a greater mummy
 11389 | D        | Noticed a greater mummy
 11392 | D        | Killed a greater mummy
 11392 | D        | Reached skill level 10 in Spellcasting
 11394 | D        | Killed a greater mummy
 11402 | D        | Noticed a greater mummy
 11402 | D        | Killed a greater mummy
 11413 | D        | Noticed a greater mummy
 11445 | D        | Killed a greater mummy
 11460 | D        | Killed a greater mummy
 11460 | D        | Reached skill level 27 in Fire Magic
 11746 | D        | Got a golden rune of Zot
 11905 | D        | Got an abyssal rune of Zot
 12028 | D        | Noticed Geryon
 12057 | D        | Killed Geryon
 12057 | D        | Reached skill level 15 in Spellcasting
 12061 | D        | Noticed Asmodeus
 12061 | D        | Noticed Antaeus
 12062 | D        | Noticed Mnoleg
 12103 | D        | Killed Antaeus
 12103 | D        | Killed Mnoleg
 12107 | D        | Noticed Cerebov
 12129 | D        | Killed Asmodeus
 12579 | D        | Got an obsidian rune of Zot
 12583 | D        | Got an icy rune of Zot
 12585 | D        | Noticed Ereshkigal
 12585 | D        | Paralysed by Ereshkigal for 4 turns
 12586 | D        | Noticed Gloorx Vloq
 12591 | D        | Was placed under penance by Cheibriados
 12643 | D        | HP: 8/169 [??? (1)]
 12649 | D        | HP: 8/169 [??? (1)]
 12654 | D        | HP: 6/169 [??? (1)]
 12655 | D        | Slain by Ereshkigal

Vault maps used:
D:        linesprint

Skill      XL: |  1  2  3  4  5  6  7  8  9 10 11 12 13 14 15 16 17 18 19 20 21 22 |
---------------+-------------------------------------------------------------------+-----
Axes           | 2 3 4 6 7 8 10 12 13 16 20 25 26 27 | 27.0
Fighting       | 4 5 6 7 8 9 10 11 15 20 24 27 | 27.0
Armour         | 4 5 6 7 8 9 10 13 16 18 23 27 | 27.0
Shields        | 4 5 7 8 9 10 14 16 24 27 | 27.0
Dodging        | 2 3 4 5 6 9 12 13 18 20 23 27 | 27.0
Spellcasting   | 2 3 6 22 | 22.6
Invocations    | 7 12 14 25 27 | 27.0
Conjurations   | 17 27 | 27.0
Earth Magic    | 19 21 | 21.1
Fire Magic     | 21 27 | 27.0
Evocations     | 3 |  3.2

Action                   |  1- 3 |  4- 6 |  7- 9 | 10-12 | 13-15 | 16-18 | 19-21 | 22-24 || total
-------------------------+-------+-------+-------+-------+-------+-------+-------+-------++-------
Melee: War axe           |    50 |       |       |       |       |       |       |       ||    50
       Broad axe         |       |    40 |    81 |   183 |   396 |   208 |   422 |   283 ||  1613
       Battleaxe         |       |       |       |       |   100 |   257 |       |       ||   357
 Cast: Lehudib's Crystal |       |       |       |       |       |       |     1 |       ||     1
       Fire Storm        |       |       |       |       |       |       |       |    10 ||    10
Invok: Slouch            |       |       |       |    18 |    16 |    33 |    34 |    17 ||   118
       Bend Time         |       |       |       |       |       |     1 |       |       ||     1
       Step From Time    |       |       |       |       |       |       |       |     1 ||     1
Evoke: Wand              |       |       |       |     1 |     3 |     4 |       |       ||     8
  Use: Potion            |       |     1 |     5 |     5 |     1 |     1 |     2 |    21 ||    36
       Scroll            |       |       |     1 |       |       |     2 |     8 |       ||    11
  Eat: Chunk             |       |       |       |     2 |       |     5 |     1 |       ||     8
       Bread ration      |       |       |       |     1 |     1 |     1 |     4 |     2 ||     9
       Fruit             |       |       |       |       |       |     1 |       |       ||     1
Armor: Scale mail        |    27 |       |       |       |       |       |       |       ||    27
       Chain mail        |       |    31 |     3 |       |       |       |       |       ||    34
       Acid dragon scale |       |       |    12 |    17 |       |       |       |       ||    29
       Plate armour      |       |       |       |    54 |   205 |   142 |     7 |       ||   408
       Gold dragon scale |       |       |       |       |       |       |    66 |    77 ||   143
Dodge: Dodged            |    20 |     7 |    26 |    79 |   316 |   235 |   143 |    80 ||   906
Block: Shield            |    30 |    24 |    47 |   111 |   275 |       |       |       ||   487
       Large shield      |       |       |       |       |       |   222 |   395 |   307 ||   924
       Reflection        |       |       |       |       |       |       |     6 |     2 ||     8
